[Event "Titled Tuesday Blitz March 29 Late 2022"]
[White "Oganian, Miran"]
[Black "Buchenau, Frank"]
[WhiteFideId "4122488"]
[BlackFideId "4604350"]
[WhiteElo "2721"]
[BlackElo "2472"]
[Result "1-0"]
[Round "04"]
[TimeControl "180+1"]
[Date "2022.03.30"]
[WhiteClock "0:01:19"]
[BlackClock "0:00:04"]

1. e4 e6 2. d4 d5 3. Nc3 Nf6 4. e5 Nfd7 5. f4 c5 6. Nf3 Nc6 7. Be3 a6 8. Qd2 b5 9. Be2 Qb6 10. Nd1 b4 11. Nf2 a5 12. O-O Ba6 13. Bxa6 Rxa6 14. Kh1 g6 15. g4 h5 16. f5 hxg4 17. fxe6 gxf3 18. exd7+ Kxd7 19. dxc5 Qb5 20. Qxd5+ Kc8 21. Qxf7 Bxc5 22. Bf4 Rf8 23. Qe6+ Kb7 24. Bg3 Nd4 25. Qd5+ Qc6 26. Qxc6+ Rxc6 27. c3 Ne2 28. Ne4 bxc3 29. bxc3 Nxg3+ 30. Nxg3 Be3 31. Ne4 Rf4 32. Nd6+ Kc7 33. Rae1 Bd2 34. e6 Kxd6 35. e7 Rc8 36. e8=Q Rxe8 37. Rxe8 Bxc3 38. Re3 Be5 39. Rexf3 Rh4 40. R3f2 a4 41. Rd2+ Ke6 42. Re2 Kd5 43. Rd1+ Bd4 44. Kg2 a3 45. Kg3 Re4 46. Rxe4 Kxe4 47. Kg4 Be3 48. h4 Bh6 49. Rd6 Be3 50. Rxg6 Kd3 51. Rc6 Bd4 52. h5 Bc3 53. h6 1-0


[Site "https://www.chess.com"]

[Event "Titled Tuesday Blitz March 29 Late 2022"]
[White "Pakleza, Zbigniew"]
[Black "Manelyuk, Daniil"]
[WhiteFideId "1119290"]
[BlackFideId "44173920"]
[WhiteElo "2467"]
[BlackElo "2222"]
[Result "1-0"]
[Round "04"]
[TimeControl "180+1"]
[Date "2022.03.30"]
[WhiteClock "0:00:19"]
[BlackClock "0:00:09"]

1. d4 Nf6 2. Nf3 c5 3. c3 b6 4. Bf4 Bb7 5. e3 g6 6. Bc4 Bg7 7. dxc5 bxc5 8. Qb3 Bxf3 9. Bxf7+ Kf8 10. gxf3 Nc6 11. Bc4 Na5 12. Qa4 Nxc4 13. Qxc4 Qb6 14. Qb3 Nh5 15. Bg3 Nxg3 16. hxg3 e6 17. Nd2 Ke7 18. Qxb6 axb6 19. Ke2 h5 20. f4 b5 21. Ne4 d6 22. Rhd1 Rhd8 23. a3 Rac8 24. Rd2 d5 25. Ng5 Ra8 26. Rc1 Rdc8 27. e4 d4 28. e5 dxc3 29. Rxc3 Bh6 30. Ne4 c4 31. Rc1 Rd8 32. Rcd1 Rxd2+ 33. Rxd2 h4 34. Rd1 Rd8 35. Rxd8 Kxd8 36. Nd6 h3 37. Kf1 Bf8 38. Nxb5 Bc5 39. Kg1 Kd7 40. Nc3 Bd4 41. Nd1 Kc6 42. Kh2 Kd5 43. Kxh3 Ke4 44. a4 Kd3 45. a5 Kc2 46. Ne3+ Kb3 47. a6 Ba7 48. Kg4 Bb6 49. Kg5 Bxe3 50. fxe3 Kxb2 51. a7 c3 52. a8=Q c2 53. Qb7+ Kc3 54. Qc6+ Kd2 55. Kxg6 1-0


[Site "https://www.chess.com"]

[Event "Titled Tuesday Blitz March 29 Late 2022"]
[White "Petesch, Gabriel"]
[Black "Melaugh, Shane"]
[WhiteFideId "2032465"]
[BlackFideId "2509580"]
[WhiteElo "2374"]
[BlackElo "2014"]
[Result "1-0"]
[Round "04"]
[TimeControl "180+1"]
[Date "2022.03.30"]
[WhiteClock "0:00:04"]
[BlackClock "0:00:02"]

1. Nf3 f5 2. b3 Nf6 3. Bb2 d6 4. d3 e5 5. Nbd2 Nc6 6. g3 Be7 7. Bg2 O-O 8. O-O Qe8 9. e3 Qh5 10. h3 f4 11. g4 Nxg4 12. hxg4 Bxg4 13. Qe1 Rf6 14. Nh2 Rg6 15. f3 Bh3 16. Ng4 Bh4 17. Qe2 Bxg2 18. Kxg2 fxe3 19. Ne4 Qf5 20. Rh1 Bf2 21. Nxf2 exf2 22. Qe4 Qg5 23. Bc1 Qe7 24. Qd5+ Kh8 25. Be3 Rf8 26. Rxh7+ Kxh7 27. Rh1+ Rh6 28. Nxh6 gxh6 29. Bxh6 Rg8+ 30. Kxf2 Rg5 31. Bxg5+ 1-0


[Site "https://www.chess.com"]

[Event "Titled Tuesday Blitz March 29 Late 2022"]
[White "Petrova, Irina"]
[Black "Krishnan, Varun"]
[WhiteFideId "14124122"]
[BlackFideId "5054508"]
[WhiteElo "1993"]
[BlackElo "2585"]
[Result "0-1"]
[Round "04"]
[TimeControl "180+1"]
[Date "2022.03.30"]
[WhiteClock "0:00:03"]
[BlackClock "0:00:07"]

1. e4 c5 2. Nf3 e6 3. b3 Nc6 4. Bb2 Nf6 5. e5 Nd5 6. g3 d6 7. exd6 Nf6 8. Na3 Bxd6 9. Bg2 O-O 10. Nc4 Bc7 11. O-O b5 12. Nce5 Bb7 13. Nxc6 Bxc6 14. Qe2 a6 15. Rad1 Rb8 16. d4 c4 17. Ba3 b4 18. Bc1 cxb3 19. axb3 Bb5 20. Qe3 Nd5 21. Qe4 Nc3 22. Qg4 Ne2+ 23. Kh1 Nxc1 24. Rxc1 Bxf1 25. Rxf1 h6 26. h4 Bd6 27. Nd2 Be7 28. Nc4 Bf6 29. Rd1 Rb5 30. Bc6 Rb8 31. Bg2 a5 32. d5 e5 33. d6 Qe8 34. d7 Qe6 35. Qxe6 fxe6 36. Nd6 Rfd8 37. Nb7 Rxb7 38. Bxb7 Kf7 39. Bc8 Ke7 40. Ra1 e4 41. Rxa5 Bd4 42. Kg2 Rf8 43. Ra8 Rxf2+ 44. Kh3 Rxc2 45. Bb7 Kxd7 46. Bxe4 Rb2 47. Rg8 Ke7 48. Rb8 Bc5 49. Rb7+ Kf6 50. Rb5 Be7 51. g4 Rxb3+ 52. Kg2 Rb2+ 53. Kf3 g5 54. hxg5+ hxg5 55. Ke3 Rb3+ 56. Kd4 Rg3 57. Rxb4 Bxb4 0-1


[Site "https://www.chess.com"]

[Event "Titled Tuesday Blitz March 29 Late 2022"]
[White "Przybylski, Wojciech"]
[Black "Kosteniuk, Alexandra"]
[WhiteFideId "1117599"]
[BlackFideId "4128125"]
[WhiteElo "2487"]
[BlackElo "2723"]
[Result "0-1"]
[Round "04"]
[TimeControl "180+1"]
[Date "2022.03.30"]
[WhiteClock "0:00:01"]
[BlackClock "0:00:11"]

1. e4 c6 2. d4 d5 3. exd5 cxd5 4. Bd3 Nc6 5. c3 Nf6 6. h3 g6 7. Nf3 Bf5 8. O-O Bxd3 9. Qxd3 Bg7 10. Bf4 O-O 11. Nbd2 Ne8 12. Rfe1 Nd6 13. Ne5 Re8 14. Qf3 e6 15. Nb3 Ne4 16. Re2 Nxe5 17. Bxe5 f6 18. Bf4 a5 19. Nd2 f5 20. Qd3 g5 21. Be5 Bxe5 22. dxe5 a4 23. Rb1 Qc7 24. f3 Ng3 25. Ree1 Qc5+ 26. Qe3 Qxe3+ 27. Rxe3 f4 28. Rd3 b5 29. Nf1 Nf5 30. a3 Rec8 31. Rbd1 Kf7 32. Nh2 h5 33. Nf1 Nh4 34. Kf2 Kg6 35. Rd4 Kf5 36. Rb4 Rc5 37. Re1 Rb8 38. g4+ Kg6 39. Nd2 Kh6 40. Rd4 Ng6 41. Rb4 Ne7 42. Rd4 Nc6 43. Rd3 Kg6 44. Kg2 Na5 45. Rd4 Rc7 46. Re2 Nc6 47. Rd3 hxg4 48. fxg4 Rh7 49. Nf3 Na5 50. Nd4 Kf7 51. Nf3 Rg7 52. Nd4 Rb6 53. Rdd2 Nc4 54. Rd3 Ne3+ 55. Rdxe3 fxe3 56. Rxe3 Ke7 57. Rf3 Rf7 58. Re3 Rf4 59. Re2 Kd7 60. Nf3 Rb8 61. Nxg5 Rg8 62. Nf3 Ke7 63. Nd4 Rg5 64. Kg3 Rf1 65. Kg2 Rb1 66. Nf3 Rg8 67. Kg3 Rh8 68. Re3 Rxb2 69. Nd4 Ra2 70. g5 Rxa3 71. h4 Ra1 72. Re2 a3 73. Nf3 a2 74. Kg2 Rg1+ 75. Nxg1 a1=Q 76. Nf3 Qxc3 77. Rf2 b4 78. g6 b3 79. Ng5 b2 80. Rf7+ Ke8 81. g7 Rg8 82. Rf6 Qd2+ 83. Kg3 Qd3+ 84. Kg4 Qe2+ 85. Kg3 Qe1+ 86. Kg4 Qg1+ 87. Kh5 Kd7 88. Rf7+ Kc6 89. Rf8 Rxg7 90. Rc8+ Kb7 91. Rc3 Rxg5+ 92. hxg5 b1=Q 93. Rb3+ Qxb3 0-1


[Site "https://www.chess.com"]

[Event "Titled Tuesday Blitz March 29 Late 2022"]
[White "Quintiliano Pinto, Renato R."]
[Black "Mikhailov, Viacheslav"]
[WhiteFideId "2117568"]
[BlackFideId "4187369"]
[WhiteElo "2688"]
[BlackElo "2721"]
[Result "1-0"]
[Round "04"]
[TimeControl "180+1"]
[Date "2022.03.30"]
[WhiteClock "0:00:57"]
[BlackClock "0:00:22"]

1. Nf3 Nf6 2. c4 g6 3. d4 Bg7 4. e3 O-O 5. Be2 c5 6. d5 d6 7. O-O e5 8. Nc3 e4 9. Nd2 Re8 10. Rb1 h5 11. f3 exf3 12. Nxf3 Ng4 13. e4 Nd7 14. Bg5 Bf6 15. Qd2 Bxg5 16. Nxg5 Nge5 17. Qf4 Qe7 18. h3 a6 19. a4 Nf8 20. Rf2 Nh7 21. Nxh7 Kxh7 22. Rbf1 Bd7 23. b3 Rg8 24. Qf6 Qf8 25. Qg5 Rd8 26. Rf6 Bc8 27. Bxh5 Qh6 28. Rxf7+ Nxf7 29. Rxf7+ Rg7 30. Rxg7+ Qxg7 31. Bxg6+ Qxg6 32. Qxd8 Qg7 33. Ne2 Bd7 34. Qh4+ Kg8 35. Qg3 Qxg3 36. Nxg3 b5 37. axb5 axb5 38. Kf2 b4 39. Ke3 Kg7 40. Kf4 Kf6 41. Nf1 Be8 42. Ne3 Bg6 43. g4 Be8 44. h4 Bd7 45. h5 Kg7 46. e5 dxe5+ 47. Kxe5 1-0


[Site "https://www.chess.com"]

[Event "Titled Tuesday Blitz March 29 Late 2022"]
[White "Rabineau, Clement"]
[Black "Srinath, Rao S.V."]
[WhiteFideId "628891"]
[BlackFideId "5028876"]
[WhiteElo "2237"]
[BlackElo "2181"]
[Result "0-1"]
[Round "04"]
[TimeControl "180+1"]
[Date "2022.03.30"]
[WhiteClock "0:00:11"]
[BlackClock "0:01:30"]

1. e4 e6 2. d4 d5 3. exd5 exd5 4. Bd3 Nc6 5. c3 Bd6 6. Qf3 Nge7 7. Ne2 Be6 8. Bf4 Qd7 9. Bxd6 Qxd6 10. Qg3 Qxg3 11. hxg3 Bf5 12. Kd2 Kd7 13. f3 h5 14. Na3 Bxd3 15. Kxd3 Rae8 16. Nc2 Nf5 17. Rhe1 Rh6 18. Nf4 Rxe1 19. Rxe1 Nxg3 20. Nxd5 h4 21. b4 a6 22. a4 b5 23. axb5 axb5 24. Na3 Rh5 25. Nf4 Rf5 26. Ne2 Nh5 27. Rh1 g5 28. Ke4 Ne7 29. g4 Nf6+ 30. Ke3 Ned5+ 31. Kd2 Rxf3 32. Nxb5 Nxg4 33. Rg1 f5 34. Nc1 h3 35. Nd3 h2 36. Rh1 Rxd3+ 0-1


[Site "https://www.chess.com"]

[Event "Titled Tuesday Blitz March 29 Late 2022"]
[White "Rasulov, Vugar"]
[Black "Barbero Sendic, Alejandro"]
[WhiteFideId "13402390"]
[BlackFideId "3001288"]
[WhiteElo "2560"]
[BlackElo "2314"]
[Result "1-0"]
[Round "04"]
[TimeControl "180+1"]
[Date "2022.03.29"]
[WhiteClock "0:02:04"]
[BlackClock "0:00:49"]

1. d4 d5 2. c4 e6 3. Nc3 a6 4. cxd5 exd5 5. Bf4 Nf6 6. e3 c5 7. Nf3 c4 8. Ne5 b5 9. g4 Bb4 10. Bg2 Bb7 11. O-O Bxc3 12. bxc3 Ne4 13. Qc2 Nd7 14. f3 Nef6 15. a4 O-O 16. Rab1 Nxe5 17. Bxe5 Bc6 18. Rfe1 Nd7 19. Bg3 Nb6 20. a5 Na4 21. e4 Qxa5 22. Rb4 Rad8 23. e5 Rfe8 24. f4 Qb6 25. Qxa4 Qxd4+ 26. cxd4 bxa4 27. f5 Rb8 28. Rxb8 Rxb8 29. e6 fxe6 30. Bxb8 1-0


[Site "https://www.chess.com"]

[Event "Titled Tuesday Blitz March 29 Late 2022"]
[White "Ricaurte Lopez, Juan Carlos"]
[Black "Zhukov, Maksim"]
[WhiteFideId "3600327"]
[BlackFideId "34181790"]
[WhiteElo "2209"]
[BlackElo "1978"]
[Result "1/2-1/2"]
[Round "04"]
[TimeControl "180+1"]
[Date "2022.03.30"]
[WhiteClock "0:01:01"]
[BlackClock "0:00:29"]

1. e4 c6 2. d4 d5 3. exd5 cxd5 4. Nf3 Nc6 5. c4 Nf6 6. Nc3 g6 7. cxd5 Nxd5 8. Bb5 Bg7 9. Ne5 Nxc3 10. bxc3 Bxe5 11. dxe5 Qxd1+ 12. Kxd1 O-O 13. f4 Rd8+ 14. Bd2 Na5 15. Ke2 Bg4+ 16. Ke3 a6 17. Be2 Bxe2 18. Kxe2 Nc4 19. Be3 Kf8 20. Rhd1 Ke8 21. Rd4 b5 22. a4 Nb2 23. axb5 axb5 24. Rxd8+ Rxd8 25. Ra7 Rd7 26. Ra8+ Rd8 27. Ra7 Rd7 28. Ra8+ Rd8 29. Ra7 1/2-1/2


[Site "https://www.chess.com"]

[Event "Titled Tuesday Blitz March 29 Late 2022"]
[White "Riehle, Marco"]
[Black "Erdogdu, Mert"]
[WhiteFideId "12904392"]
[BlackFideId "6301495"]
[WhiteElo "2462"]
[BlackElo "2485"]
[Result "1-0"]
[Round "04"]
[TimeControl "180+1"]
[Date "2022.03.30"]
[WhiteClock "0:01:27"]
[BlackClock "0:00:05"]

1. e4 c5 2. a3 g6 3. h4 h5 4. Nc3 Bg7 5. Bc4 d6 6. d3 Nc6 7. Bg5 Nf6 8. Qd2 Nd4 9. Nge2 O-O 10. Nxd4 cxd4 11. Ne2 Qb6 12. O-O-O Bd7 13. f3 Rfc8 14. g4 hxg4 15. fxg4 Rxc4 16. Bxf6 Rxc2+ 17. Kxc2 Bxf6 18. Kb1 Bxg4 19. h5 g5 20. Rdg1 Bxe2 21. Qxe2 Qb5 22. h6 Kh8 23. Rc1 Rf8 24. Rh3 a5 25. Qg4 Kh7 26. Rc8 Rxc8 27. Qxc8 Qb3 28. Qf5+ Kh8 29. h7 Qe6 30. Qxe6 fxe6 31. Kc2 Be5 32. Kd1 g4 33. Rh5 g3 34. Ke2 Bf4 35. Kf3 e5 36. a4 e6 37. b3 d5 38. exd5 exd5 39. Kg2 e4 40. Rxd5 exd3 41. Rxd4 d2 42. Rd7 b6 43. Kf3 Bg5 44. Kxg3 Be3 45. Kf3 Bg5 46. Ke2 Bh6 47. Rd6 Kxh7 48. Rxb6 1-0


[Site "https://www.chess.com"]

[Event "Titled Tuesday Blitz March 29 Late 2022"]
[White "Riff, Vincent"]
[Black "Sanal, Vahap"]
[WhiteFideId "617776"]
[BlackFideId "6300545"]
[WhiteElo "2377"]
[BlackElo "2603"]
[Result "0-1"]
[Round "04"]
[TimeControl "180+1"]
[Date "2022.03.29"]
[WhiteClock "0:00:03"]
[BlackClock "0:00:17"]

1. d4 Nf6 2. Bf4 d5 3. e3 Bf5 4. c4 e6 5. Nc3 Bb4 6. Qb3 Nc6 7. a3 Bxc3+ 8. Qxc3 O-O 9. Nf3 Ne4 10. Qc1 Na5 11. Qd1 dxc4 12. Be2 Nb3 13. Ra2 b5 14. O-O c6 15. Ne5 Qc8 16. f3 Nf6 17. e4 Bg6 18. a4 Rd8 19. axb5 Nxd4 20. bxc6 Nxc6 21. Nxc6 Qxc6 22. Qc1 Rdc8 23. Be3 a5 24. Qc3 a4 25. Rc1 h5 26. Raa1 h4 27. Qxc4 Qb7 28. Qb5 Qxb5 29. Bxb5 Rxc1+ 30. Rxc1 Rb8 31. Bxa4 Rxb2 32. Bd4 Rb4 33. Bxf6 gxf6 34. Bd1 Rb2 35. h3 Kg7 36. Rc2 Rb1 37. Rd2 Kh6 38. Kf2 Kg5 39. Ke3 e5 40. Rd5 Kh6 41. Rd6 Ra1 42. Be2 Kg5 43. Rd5 Ra3+ 44. Bd3 Kh6 45. Rd6 Ra2 46. Be2 Kg7 47. Bf1 Ra1 48. Be2 Rg1 49. Kf2 Ra1 50. Ke3 f5 51. exf5 Bxf5 52. Rd5 Ra3+ 53. Kf2 Kf6 54. Rc5 Ra2 55. Ke3 Bg6 56. Rc6+ Ke7 57. Rc5 Kd6 58. Rb5 Ke7 59. Rb7+ Kf6 60. Rb6+ Kg5 61. Rb5 Ra3+ 62. Kf2 f6 63. Rb4 Ra2 64. Ke3 Bf5 65. Rb8 Ra3+ 66. Kf2 Ra2 67. Ke3 Ra3+ 68. Kf2 Be6 69. Rb6 Bf7 70. Rb4 Ra2 71. Ke3 f5 72. Kf2 Be6 73. Kf1 Bd5 74. Kf2 Be6 75. Kf1 Bc8 76. f4+ exf4 77. Bf3 Ra1+ 78. Kf2 Ba6 79. Bc6 Rf1# 0-1


[Site "https://www.chess.com"]

[Event "Titled Tuesday Blitz March 29 Late 2022"]
[White "Romanchuk, Viktor"]
[Black "Jaferian, Koosha"]
[WhiteFideId "14109271"]
[BlackFideId "12507440"]
[WhiteElo "2242"]
[BlackElo "2030"]
[Result "0-1"]
[Round "04"]
[TimeControl "180+1"]
[Date "2022.03.30"]
[WhiteClock "0:00:48"]
[BlackClock "0:01:09"]

1. d4 Nf6 2. c4 e6 3. Nc3 Bb4 4. e3 O-O 5. Ne2 d5 6. a3 Be7 7. cxd5 exd5 8. Nf4 c6 9. Bd3 Bg4 10. f3 Bh5 11. O-O Bg6 12. Nxg6 hxg6 13. Bc2 c5 14. dxc5 Bxc5 15. Kh1 d4 16. Na4 Qc7 17. Nxc5 Qxc5 18. exd4 Qd6 19. Be3 Nc6 20. Qd2 Nd5 21. Bf2 Rad8 22. Rad1 Rfe8 23. Bb3 Qf6 24. Rfe1 Rxe1+ 25. Qxe1 g5 26. Qe4 Nf4 27. d5 Qxb2 28. dxc6 Rxd1+ 29. Bxd1 Qxf2 30. Qe8+ Kh7 31. Bc2+ Qxc2 32. Qe4+ Qxe4 33. fxe4 bxc6 0-1


[Site "https://www.chess.com"]

[Event "Titled Tuesday Blitz March 29 Late 2022"]
[White "Ronka, Erik"]
[Black "Rozman, Levy"]
[WhiteFideId "505080"]
[BlackFideId "2039877"]
[WhiteElo "2467"]
[BlackElo "2710"]
[Result "0-1"]
[Round "04"]
[TimeControl "180+1"]
[Date "2022.03.30"]
[WhiteClock "0:00:09"]
[BlackClock "0:01:30"]

1. e4 d5 2. exd5 Nf6 3. d4 Bg4 4. Bb5+ c6 5. dxc6 Nxc6 6. Ne2 Qa5+ 7. Nbc3 O-O-O 8. Bxc6 bxc6 9. f3 Bf5 10. O-O e5 11. Bd2 exd4 12. Ne4 Qb6 13. Kh1 Bxe4 14. fxe4 Nxe4 15. Qe1 d3 16. Ba5 d2 17. Qh4 Qxa5 18. Qxe4 Qd5 19. Qg4+ f5 20. Rxf5 d1=Q+ 21. Rf1+ Qd7 22. Qa4 Qxe2 0-1


[Site "https://www.chess.com"]

[Event "Titled Tuesday Blitz March 29 Late 2022"]
[White "Rosen, Eric"]
[Black "Moskalenko, Alexander"]
[WhiteFideId "2032562"]
[BlackFideId "4155351"]
[WhiteElo "2362"]
[BlackElo "2475"]
[Result "0-1"]
[Round "04"]
[TimeControl "180+1"]
[Date "2022.03.30"]
[WhiteClock "0:00:01"]
[BlackClock "0:00:19"]

1. d4 d5 2. Bf4 c5 3. e3 Nf6 4. Nf3 Nc6 5. Nbd2 Nh5 6. dxc5 Nxf4 7. exf4 g6 8. c3 Bg7 9. Bd3 O-O 10. O-O a5 11. a4 e6 12. Nb3 Qc7 13. Qd2 b6 14. cxb6 Qxb6 15. Bb5 Na7 16. Nbd4 Nxb5 17. Nxb5 Ba6 18. Nfd4 Bxd4 19. Qxd4 Qxd4 20. cxd4 Bxb5 21. axb5 Rfb8 22. Rfd1 Rxb5 23. Ra2 Rab8 24. Kf1 Rxb2 25. Rxa5 Rc2 26. Ra3 Rbb2 27. Rf3 Kg7 28. g4 h6 29. Kg2 Rd2 30. Ra1 Rxd4 31. Kg3 Rbb4 32. h3 Ra4 33. Rb1 Rdb4 34. Rc1 Rb7 35. Rc8 Rd7 36. Rd3 g5 37. fxg5 hxg5 38. Rb3 d4 39. Rd3 Ra1 40. Kf3 Re1 41. Rc4 e5 42. Kg2 Re2 43. Kf1 Ra2 44. Kg2 Rd6 45. Rc5 f6 46. Rc7+ Kg6 47. Rc4 Kf7 48. Kf3 Ke6 49. Rc5 Rda6 50. Rc8 Rb2 51. Re8+ Kf7 52. Rc8 Raa2 53. Ke4 Rxf2 54. Rb3 Rfb2 55. Rf3 Rf2 56. Rb3 Rae2+ 57. Kd5 Rb2 58. Ra3 Ra2 59. Rb3 Rfb2 60. Rf3 Ra5+ 61. Kc4 Rc2+ 62. Kb4 Rxc8 63. Kxa5 Rb8 64. Ka6 Ke6 65. h4 gxh4 66. Rh3 e4 67. Rxh4 d3 68. g5 f5 69. g6 Kf6 70. Rh5 Kxg6 71. Rh1 Rb2 72. Rg1+ Kf7 73. Rf1 Ke6 74. Rh1 Ke5 75. Ka5 Rb8 76. Ka6 Kd4 77. Ka7 Rf8 78. Ra1 Ke3 79. Rh1 f4 80. Re1+ Kd4 81. Ra1 f3 82. Ra4+ Ke3 83. Ra3 f2 84. Kb7 Rf7+ 85. Kb8 Rf6 86. Rb3 Kf3 87. Rc3 f1=Q 88. Rc7 Qb1+ 89. Ka7 Qa2+ 90. Kb8 Qg8+ 91. Ka7 Rf7 92. Rd7 Rxd7+ 0-1


[Site "https://www.chess.com"]

[Event "Titled Tuesday Blitz March 29 Late 2022"]
[White "Rudykh, Stepan"]
[Black "Dounis, Alexandros"]
[WhiteFideId "4180321"]
[BlackFideId "4213238"]
[WhiteElo "2212"]
[BlackElo "2204"]
[Result "0-1"]
[Round "04"]
[TimeControl "180+1"]
[Date "2022.03.30"]
[WhiteClock "0:00:01"]
[BlackClock "0:00:37"]

1. e4 e5 2. Nf3 Nc6 3. Bb5 a6 4. Ba4 Nf6 5. d4 exd4 6. O-O Be7 7. Re1 O-O 8. e5 Nd5 9. Bb3 Nb6 10. Nxd4 Nxd4 11. Qxd4 d6 12. Bf4 dxe5 13. Bxe5 Qxd4 14. Bxd4 Bd6 15. Nc3 c5 16. Be3 Bf5 17. Rad1 Rfd8 18. h3 Rac8 19. g4 Bg6 20. h4 h5 21. Bg5 Rd7 22. Nd5 Nxd5 23. Rxd5 c4 24. Ba4 Bh2+ 25. Kxh2 Rxd5 26. c3 hxg4 27. Bd1 Bf5 28. Kg3 f6 29. Be3 Re8 30. Bxg4 Bxg4 31. Kxg4 Kf7 32. h5 Ree5 33. Rh1 b5 34. h6 gxh6 35. Rxh6 Kg7 36. Rh1 a5 37. a3 Rd3 38. Kf4 Rg5 39. Kf3 b4 40. axb4 axb4 41. cxb4 Rb5 42. Rh4 Rxb4 43. Re4 Rdb3 44. Kg4 Kg6 45. Bd4 f5+ 0-1


[Site "https://www.chess.com"]

[Event "Titled Tuesday Blitz March 29 Late 2022"]
[White "Rytenko, Vsevolod"]
[Black "Piliczewski, Bogusz"]
[WhiteFideId "14133040"]
[BlackFideId "1104144"]
[WhiteElo "2120"]
[BlackElo "1896"]
[Result "1-0"]
[Round "04"]
[TimeControl "180+1"]
[Date "2022.03.30"]
[WhiteClock "0:02:21"]
[BlackClock "0:01:49"]

1. d4 d5 2. Bg5 Bf5 3. Nf3 Nf6 4. Bxf6 gxf6 5. g3 e6 6. Bg2 c5 7. O-O Nc6 8. c4 dxc4 9. Qa4 cxd4 10. Nxd4 Qb6 11. Nxc6 1-0


[Site "https://www.chess.com"]

[Event "Titled Tuesday Blitz March 29 Late 2022"]
[White "Samarth, J Rao"]
[Black "Rangel, Daniel"]
[WhiteFideId "46652370"]
[BlackFideId "2124475"]
[WhiteElo "1514"]
[BlackElo "2225"]
[Result "1-0"]
[Round "04"]
[TimeControl "180+1"]
[Date "2022.03.30"]
[WhiteClock "0:00:04"]
[BlackClock "0:00:05"]

1. c4 Nf6 2. Nc3 e6 3. e4 d5 4. e5 Ne4 5. d4 Nxc3 6. bxc3 c5 7. Nf3 cxd4 8. cxd4 Bb4+ 9. Bd2 Bxd2+ 10. Qxd2 dxc4 11. Bxc4 O-O 12. O-O b6 13. Qf4 Bb7 14. Rfd1 Qe7 15. Bd3 Bxf3 16. gxf3 Nd7 17. Kh1 g6 18. Rg1 Rfc8 19. h4 Rc3 20. Be4 Rf8 21. Rg2 f5 22. exf6 Qxf6 23. Qd2 Rc7 24. h5 Kg7 25. Bxg6 Kh8 26. Qh6 Nb8 27. Rag1 Rg7 28. Rg3 Nd7 29. Rh3 Rfg8 30. Qe3 Nf8 31. Rgg3 Nxg6 32. hxg6 Rxg6 33. Qe4 Qf5 34. Qh4 Qxf3+ 35. Kg1 Rxg3+ 36. Rxg3 Rxg3+ 37. fxg3 Qe3+ 38. Kg2 Qe1 39. Qf6+ Kg8 40. Qd8+ Kg7 41. Qe7+ Kg6 42. Qxa7 Qe2+ 43. Kh3 Qh5+ 44. Kg2 Qd5+ 45. Kh3 Qxd4 46. Qe7 Qf6 47. Qe8+ Kf5 48. Qb5+ Qe5 49. Qxb6 Ke4 50. Qb4+ Qd4 51. Qb7+ Kd3 52. Qb3+ Kd2 53. Qxe6 Qg1 54. Qd5+ Kc1 55. Qg5+ Kb2 56. Qa5 Qh1+ 57. Kg4 Qe4+ 58. Kh3 Qe7 59. Qa4 Qe6+ 60. Kg2 Qe4+ 61. Qxe4 1-0


[Site "https://www.chess.com"]

[Event "Titled Tuesday Blitz March 29 Late 2022"]
[White "Sanchez Alvares, Kelvin Antonio"]
[Black "Chyngyz, Sultai"]
[WhiteFideId "3906680"]
[BlackFideId "13803158"]
[WhiteElo "2193"]
[BlackElo "1365"]
[Result "1-0"]
[Round "04"]
[TimeControl "180+1"]
[Date "2022.03.30"]
[WhiteClock "0:00:19"]
[BlackClock "0:00:24"]

1. e4 c5 2. Nf3 d6 3. d4 cxd4 4. Nxd4 Nf6 5. Nc3 a6 6. f3 e5 7. Nb3 Be7 8. Be3 O-O 9. Qd2 Be6 10. Nd5 Bxd5 11. exd5 b5 12. a4 bxa4 13. Rxa4 Nbd7 14. Rxa6 Rxa6 15. Bxa6 Qa8 16. Bc4 Rc8 17. Na5 Bd8 18. Nc6 Rxc6 19. dxc6 Qxc6 20. Qe2 d5 21. Bb5 Qd6 22. O-O d4 23. Bf2 Nc5 24. Qc4 Bc7 25. Ra1 h6 26. Re1 Nd5 27. b4 Ne6 28. Qc6 Qxc6 29. Bxc6 Nxb4 30. Be4 Nc5 31. Rb1 Na2 32. Ra1 Nxe4 33. Rxa2 Nc3 34. Ra8+ Kh7 35. Ra7 Bb6 36. Rxf7 Nd1 37. Rb7 Bc5 38. Kf1 Nxf2 39. Kxf2 d3+ 40. Ke1 dxc2 41. Kd2 Bg1 42. h3 Be3+ 43. Kxc2 Bf4 44. Kd3 Kg6 45. Ke4 Kf6 46. h4 Bg3 47. Rb6+ Kf7 48. Kf5 Bxh4 49. Rb7+ Kg8 50. Kxe5 Kh7 51. Kf5 Bf6 52. g4 Ba1 53. f4 Bb2 54. g5 hxg5 55. fxg5 Be5 56. Kxe5 Kg6 57. Kf4 Kh7 58. Kf5 Kg8 59. g6 Kf8 60. Ke6 Ke8 61. Rb8# 1-0


[Site "https://www.chess.com"]

[Event "Titled Tuesday Blitz March 29 Late 2022"]
[White "Sapunov, Evgeny"]
[Black "Petrovic, Aleksa"]
[WhiteFideId "4126661"]
[BlackFideId "967629"]
[WhiteElo "2470"]
[BlackElo "2245"]
[Result "0-1"]
[Round "04"]
[TimeControl "180+1"]
[Date "2022.03.29"]
[WhiteClock "0:00:40"]
[BlackClock "0:00:18"]

1. c4 Nf6 2. Nf3 e6 3. Nc3 d5 4. d4 c6 5. Bg5 dxc4 6. e4 b5 7. e5 h6 8. Bh4 g5 9. Nxg5 hxg5 10. Bxg5 Nbd7 11. exf6 Bb7 12. g3 Qb6 13. Bg2 O-O-O 14. O-O c5 15. d5 b4 16. Na4 Qa6 17. a3 Bxd5 18. Bxd5 Ne5 19. Qe2 Rxd5 20. axb4 cxb4 21. Nc3 Qd6 22. Ne4 Qc6 23. Rxa7 Rd3 24. Rfa1 Nf3+ 25. Kg2 Rxh2+ 26. Kf1 Rh1+ 27. Kg2 Rxa1 28. Rxa1 Nxg5 29. f3 Nxe4 30. fxe4 Bh6 31. Kh3 Qc5 32. Qg4 Qg5 33. Rf1 Qxg4+ 34. Kxg4 c3 35. bxc3 bxc3 36. Rf2 Rd2 37. Rf3 c2 38. Rc3+ Kd7 39. e5 Be3 40. Rc4 Rd4+ 0-1


[Site "https://www.chess.com"]

[Event "Titled Tuesday Blitz March 29 Late 2022"]
[White "Sarana, Alexey"]
[Black "Kamsky, Gata"]
[WhiteFideId "24133795"]
[BlackFideId "2000024"]
[WhiteElo "2666"]
[BlackElo "2645"]
[Result "1-0"]
[Round "04"]
[TimeControl "180+1"]
[Date "2022.03.29"]
[WhiteClock "0:00:10"]
[BlackClock "0:00:15"]

1. d4 d5 2. c4 c6 3. Nc3 Nf6 4. Nf3 a6 5. g3 Bf5 6. Bg2 e6 7. Qb3 b5 8. c5 a5 9. Nh4 Bg4 10. h3 Bh5 11. Bf4 Be7 12. g4 Bg6 13. Nxg6 hxg6 14. e3 Nbd7 15. Qc2 Qc8 16. Bg3 Bd8 17. a4 b4 18. Ne2 Bc7 19. f4 Qb8 20. O-O Qb7 21. Nc1 g5 22. Nd3 gxf4 23. exf4 Ne4 24. Bxe4 dxe4 25. Ne5 Nf6 26. Kg2 Bxe5 27. fxe5 Nd5 28. Qxe4 O-O-O 29. Rf2 Rd7 30. Qd3 Kb8 31. Raf1 Ka7 32. h4 g6 33. Rf3 Qc7 34. Be1 Qb7 35. Kg3 Rg8 36. Bd2 Qc7 37. Kg2 Qb7 38. Bg5 Qc7 39. R1f2 Qb7 40. Qf1 Rg7 41. Rh3 Qc8 42. Qd3 Qg8 43. Kf1 Rh7 44. Ke1 Rg7 45. Qe4 Rh7 46. Kd1 Qg7 47. Kc1 Qg8 48. Kb1 Kb7 49. Ka2 Ka7 50. Kb3 Kb7 51. Rg2 Ka7 52. Bf6 Nxf6 53. exf6 Rd5 54. h5 g5 55. h6 Qh8 56. Rgh2 Kb7 57. Rh5 Ka7 58. R2h3 Kb7 59. Ka2 Qg8 60. Ka1 Qh8 61. Kb1 Qg8 62. Ka2 Qh8 63. Qd3 Qg8 64. Kb3 Qh8 65. Kc4 Ka7 66. Qe4 Kb7 67. Qe3 Qg8 68. Qd3 Qh8 69. Kb3 Qg8 70. Re3 Qh8 71. Re5 Rxh6 72. Rxd5 exd5 73. Qh3 Rxh5 74. gxh5 Qxf6 75. Qd7+ Ka6 76. Qc8+ Ka7 77. Qc7+ Ka8 78. Qxa5+ Kb7 79. Qxb4+ Kc8 80. a5 Qf3+ 81. Ka2 Qe2 82. h6 1-0


[Site "https://www.chess.com"]

[Event "Titled Tuesday Blitz March 29 Late 2022"]
[White "Sarkar, Justin"]
[Black "Ljukin, Sergei"]
[WhiteFideId "2010011"]
[BlackFideId "14102200"]
[WhiteElo "2038"]
[BlackElo "2312"]
[Result "0-1"]
[Round "04"]
[TimeControl "180+1"]
[Date "2022.03.30"]
[WhiteClock "0:00:01"]
[BlackClock "0:00:08"]

1. d4 d5 2. c4 c6 3. Nf3 Nf6 4. e3 e6 5. b3 Bb4+ 6. Bd2 Bd6 7. Bd3 Nbd7 8. O-O O-O 9. Nc3 a6 10. c5 Bc7 11. e4 dxe4 12. Nxe4 Nd5 13. b4 e5 14. Rc1 exd4 15. Nxd4 Ne5 16. Bb1 Qh4 17. Bg5 Qg4 18. f3 Qd7 19. Qb3 h6 20. Bh4 a5 21. b5 a4 22. Qb2 cxb5 23. Nxb5 Bb8 24. Nbd6 Bxd6 25. Nxd6 Ng6 26. Bf2 Qe7 27. Rcd1 Ndf4 28. Rfe1 Qg5 29. Bg3 Nh5 30. Qd2 Ngf4 31. Qc2 g6 32. Ne4 Qf5 33. Bf2 Be6 34. Ng3 Nxg3 35. hxg3 Qxc2 36. Bxc2 Nd5 37. a3 Rfb8 38. Be4 Rd8 39. Rd4 Nf6 0-1


[Site "https://www.chess.com"]